Map: Base du roi Sejong EC

Players

Dantrox

  • Race: Protoss Protoss
  • League: Silver
  • Spawn Location: 11:00

zidar - Winner!

  • Race: Zerg Zerg
  • League: Gold
  • Spawn Location: 5:00

VOD

Have the link to the VOD?

Description

Time

  • Played on: June 16, 2016, 11:48 a.m.
  • Length: 14:24
Show
View Real Time Build Order
Export as new Build Order

Dantrox Protoss 

Build Orders:  

Get SALT Encoding   

  12  0:01  Probe (Chrono Boost)  
  13  0:11  Probe (Chrono Boost)  
  14  0:20  Pylon  
  14  0:23  Probe (Chrono Boost)  
  15  0:38  Probe (Chrono Boost)  
  15  0:41  Gateway  
  16  0:49  Probe (Chrono Boost)  
  17  0:57  Assimilator  
  17  1:00  Probe (Chrono Boost)  
  19  1:11  Probe (Chrono Boost)  
  19  1:29  Cybernetics Core  
  19  1:35  Pylon  
  19  1:51  Probe (Chrono Boost)  
  19  1:53  Nexus  
  20  2:02  Probe (Chrono Boost)  
  20  2:05  Assimilator  
  21  2:16  Gateway, Warp Gate (Chrono Boost)  
  21  2:22  Adept (Chrono Boost)  
  23  2:26  Probe  
  24  2:32  Pylon  
  24  2:40  Probe  
  25  2:46  Adept (Chrono Boost)  
  27  2:52  Pylon  
  27  2:53  Probe  
  27  3:09  Stalker (Chrono Boost)  
  30  3:12  Probe  
  30  3:13  Probe  
  31  3:25  Mothership Core, Probe  
  34  3:27  Adept  
  36  3:37  Probe  
  37  3:42  Stargate  
  37  3:46  Probe  
  38  3:49  Probe  
  39  3:58  Probe  
  40  4:15  Adept, Gateway  
  40  4:16  Adept  
  44  4:18  Gateway  
  42  4:49  Adept x2  
  46  4:59  Oracle  
  41  5:27  Adept x2  
  39  5:43  Adept x2  
  43  5:57  Probe x2  
  45  5:59  Robotics Facility  
  45  6:02  Pylon  
  45  6:05  Pylon  
  45  6:09  Sentry x3, Probe  
  45  6:10  Sentry  
  54  6:27  Assimilator  
  54  6:30  Assimilator  
  54  6:36  Nexus  
  54  6:38  Pylon  
  54  6:41  Pylon  
  54  7:08  Probe  
  55  7:17  Twilight Council  
  55  7:27  Adept x3  
  61  7:30  Immortal (Chrono Boost)  
  61  7:33  Stalker  
  67  7:55  Templar Archives  
  67  8:05  Probe  
  67  8:06  Probe  
  67  8:07  Probe  
  70  8:16  Probe  
  70  8:18  Probe  
  70  8:19  Probe  
  73  8:26  Probe  
  74  8:50  Probe  
  75  8:56  High Templar x2  
  75  9:02  Probe  
  79  9:03  Probe x2  
  82  9:11  Assimilator  
  82  9:14  Gateway x2  
  82  9:16  Gateway  
  82  9:17  Assimilator  
  82  9:18  Gateway  
  82  9:19  Gateway  
  82  9:26  Gateway  
  82  9:27  Archon  
  82  9:29  Gateway  
  82  9:30  High Templar x2  
  86  9:31  Pylon  
  86  9:35  Pylon  
  86  9:36  Archon  
  86  9:40  Pylon  
  86  10:07  High Templar x3  
  88  10:10  Adept  
  91  10:15  Archon  
  91  10:33  Adept x4  
  99  10:49  Adept x2  
  103  10:50  Adept  
  103  10:56  Immortal (Chrono Boost)  
  104  11:24  Pylon  
  104  11:26  Pylon  
  104  11:38  Resonating Glaives (Chrono Boost)  
  104  11:46  Probe  
  105  12:07  Nexus  
  105  12:11  Adept x2, Pylon  
  105  12:12  Adept x4  
  105  12:14  Pylon  
  117  12:18  Pylon  
  117  12:24  Probe  
  117  12:29  Probe  
  119  12:36  Probe  
  120  12:41  Probe  
  121  12:48  Probe  
  120  13:17  Adept x6  
  78  13:53  Adept x2  
  78  13:54  Adept x5  
  79  14:02  Adept x2  
  73  14:03  Adept x2  
  53  14:15  Adept  
  53  14:16  Adept  
Show
View Real Time Build Order
Export as new Build Order

zidar Zerg - Winner!

Build Orders: Pool First 

Get SALT Encoding   

  12  0:02  Drone  
  13  0:15  Overlord  
  13  0:18  Drone  
  14  0:33  Drone x2  
  16  0:37  Drone  
  17  0:46  Spawning Pool  
  16  0:50  Drone  
  17  1:15  Hatchery  
  17  1:16  Drone  
  17  1:19  Extractor  
  17  1:22  Drone  
  17  1:32  Queen  
  19  1:44  Drone x2  
  19  1:45  Drone  
  22  2:02  Overlord  
  22  2:09  Extractor  
  22  2:15  Queen, Spore Crawler  
  23  2:23  Metabolic Boost  
  23  2:38  Drone x5  
  28  3:02  Roach Warren  
  27  3:08  Drone x5  
  32  3:33  Lair  
  32  3:38  Hatchery  
  31  3:50  Drone x3  
  31  3:54  Drone x2  
  31  3:55  Overlord  
  36  3:57  Overlord  
  36  4:05  Evolution Chamber  
  36  4:09  Evolution Chamber  
  34  4:13  Drone x2  
  36  4:17  Overlord  
  35  4:37  Zergling x16  
  43  4:38  Zergling x2  
  34  4:56  Zergling x6  
  31  5:11  Zergling x4  
  31  5:12  Zergling x4  
  31  5:23  Overlord  
  30  5:45  Drone x6  
  30  5:46  Drone x2  
  38  5:54  Hydralisk Den  
  37  5:59  Queen  
  39  6:10  Drone x5  
  39  6:11  Drone x2  
  46  6:20  Overseer  
  46  6:21  Spore Crawler  
  45  6:31  Drone x7  
  38  7:29  Drone x10  
  52  7:30  Drone x4  
  52  7:36  Zerg Missile Weapons Level 1, Zerg Ground Armor Level 1  
  52  7:37  Glial Reconstitution  
  51  7:52  Roach x9  
  51  7:56  Queen  
  71  8:07  Roach  
  71  8:10  Overlord  
  71  8:11  Overlord x2  
  71  8:12  Overlord  
  73  8:27  Hatchery  
  72  8:38  Hydralisk x8  
  72  8:40  Roach  
  90  8:44  Muscular Augments  
  88  9:03  Hydralisk x6  
  88  9:07  Overlord  
  100  9:23  Roach  
  100  9:24  Roach  
  104  9:26  Overlord x3  
  104  9:45  Roach x8  
  120  9:52  Ravager x5  
  125  9:55  Drone x4  
  129  10:36  Hydralisk  
  129  10:37  Hydralisk x4  
  129  10:38  Roach  
  141  11:10  Hydralisk  
  143  11:17  Extractor  
  142  11:19  Extractor  
  142  11:20  Drone x2  
  143  11:37  Overlord x3  
  143  11:38  Overlord x8  
  143  11:57  Extractor  
  143  11:59  Extractor  
  141  12:15  Hydralisk x8  
  141  12:17  Roach x3  
  161  12:35  Pneumatized Carapace  
  154  13:15  Roach  
  154  13:16  Roach x13  
Tags
 
Add a new tag
Caveats
  • Supply blocks, unpowered buildings, or Contaminate may cause inaccurate times.
  • Supply counts are checked every 10 seconds.